 Dungeon Crawl Stone Soup version 0.20-a0-507-gc86f373 (webtiles) character file.

3137 Klosterheim the Cleaver (level 9, -17/82 HPs)
             Began as a Pale Draconian Fighter on Jan 21, 2017.
             Was a Priest of Makhleb.
             Demolished by an orc warrior
             ... wielding a +0 glaive
              (31 damage)
             ... on level 9 of the Dungeon.
             The game lasted 00:18:19 (8621 turns).

Klosterheim the Cleaver (Pale Draconian Fighter)    Turns: 8621, Time: 00:18:19

Health: -17/82     AC:  9    Str: 19    XL:     9   Next: 61%
Magic:  9/9        EV: 12    Int:  8    God:    Makhleb [***...]
Gold:   292        SH:  9    Dex: 14    Spells: 8/8 levels left

rFire    . . .     SeeInvis .   a - +0 war axe
rCold    . . .     Gourm    .   (armour unavailable)
rNeg     . . .     Faith    .   b - +0 shield
rPois    .         Spirit   .   (helmet restricted)
rElec    .         Reflect  .   (no cloak)
rCorr    .         Harm     .   (no gloves)
MR       +....                  r - +1 pair of boots
Stlth    +.........             (no amulet)
Regen    0.3/turn               (no ring)
                                p - ring of protection from magic

@: about to teleport
A: breathe steam, unfitting armour, stinger 1, cold-blooded, AC +7
a: Breathe Steam, Minor Destruction, Lesser Servant of Makhleb, Renounce
Religion


You were on level 9 of the Dungeon.
You worshipped Makhleb.
Makhleb was most pleased with you.
You were not hungry.

You visited 2 branches of the dungeon, and saw 9 of its levels.

You collected 292 gold pieces.

Inventory:

Hand Weapons
 a - a +0 war axe (weapon)
Armour
 b - a +0 shield (worn)
 r - a +1 pair of boots (worn)
Jewellery
 p - a ring of protection from magic (left hand)
Wands
 l - a wand of flame (16/48)
 y - a wand of lightning (11/15)
Scrolls
 e - a scroll of torment {unknown}
 g - a scroll of enchant armour
 i - a scroll of amnesia
 j - 6 scrolls of remove curse
 o - a scroll of blinking
 q - a scroll of holy word {unknown}
 t - 2 scrolls of teleportation
 v - a scroll of fear
 x - a scroll of identify
Potions
 c - 2 potions of might
 k - a potion of resistance {unknown}
 s - a potion of agility
 u - 2 potions of flight
Comestibles
 d - 4 bread rations
 h - 2 meat rations
 m - 6 chunks of flesh
 n - 3 royal jellies
 w - a fruit


   Skills:
 + Level 8.6 Fighting
 * Level 10.9 Axes
 + Level 4.2 Dodging
 - Level 3.0 Shields


You had 8 spell levels left.
You didn't know any spells.

Dungeon Overview and Level Annotations

Branches:
Dungeon (7/15)             Temple (1/1) D:4             Orc (0/2) D:9

Altars:
Ashenzari
Cheibriados
Dithmenos
Elyvilon
Fedhas
Hepliaklqana
Kikubaaqudgha
Makhleb
Nemelex Xobeh
Okawaru
Qazlal
Ru
Sif Muna
Trog
Uskayaw
Vehumet
Xom
Yredelemnul
Zin
The Shining One
Beogh

Shops:
D:9 :

Annotations:
D:9 Gastronok


Innate Abilities, Weirdness & Mutations

You can breathe blasts of scalding, opaque steam.
Your pale cyan-grey scales are hard. (AC +7)
You cannot fit into any form of body armour.
You are cold-blooded and may be slowed by cold attacks.
Your tail ends in a poisonous barb.


Message History

You have got your breath back.
Gastronok the Ponderous comes into view.
Gastronok gurgles horribly!
You slash Gastronok! You tail-slap Gastronok.
Gastronok is lightly wounded.
The orc wizard casts a spell.
The orc wizard blinks!
As you read the scroll of teleportation, it crumbles to dust.
You feel strangely unstable. Something hits you but does no damage.
The orc warrior hits you from afar with a glaive!
* * * LOW HITPOINT WARNING * * *
Gastronok makes a strange noise.
Gastronok bites you.
* * * LOW HITPOINT WARNING * * *
You hear some strange, mumbled words.
A puff of flame appears from out of thin air!
The puff of flame hits you!
* * * LOW HITPOINT WARNING * * *
The orc warrior hits you with a glaive!!
You die...

#))...# ..o.. ###)###
##8)..8# #......#
#...>..# #..o...#
#.#o#.## #.@)..# ###.###
#w# |........# ####'##
.........# #.....###
.........# ###.....'....
.........###.'.....#####
.........##..#.....#
.........##.##.....#


You could see Gastronok, an orc warrior, an orc wizard and an orc.

Vanquished Creatures
  2 orc warriors (D:5)
  A sky beast (D:7)
  An ice beast (D:5)
  3 phantoms
  A necrophage (D:7)
  2 centaurs
  4 ogres
  2 bullfrogs
  A gnoll sergeant (D:9)
  3 scorpions
  6 killer bees (D:9)
  2 howler monkeys
  4 crimson imps (D:6)
  2 hounds
  2 jellies
  5 orc priests
  4 orc wizards
  2 bullfrog skeletons
  2 centaur skeletons
  9 worker ants
  A hound zombie (D:6)
  2 worker ant zombies
  9 gnolls
  13 adders
  A shadow imp (D:6)
  2 oozes
  2 worms
  3 dart slugs
  4 leopard geckos
  34 orcs
  3 giant cockroaches
  2 hobgoblins
  9 jackals
  5 kobolds
  3 quokkas
  A ball python (D:3)
  3 bats
  6 frilled lizards
  2 goblins (D:2)
  A leopard gecko zombie (D:6)
  3 rats
167 creatures vanquished.

Notes
Turn   | Place    | Note
-------+----------+-------------------------------------------
     0 | D:1      | Klosterheim the Draconian Fighter began the quest for the Orb.
     0 | D:1      | Reached XP level 1. HP: 19/19 MP: 1/1
    82 | D:1      | Reached XP level 2. HP: 18/26 MP: 2/2
  1003 | D:2      | Reached skill level 3 in Axes
  1003 | D:2      | Reached XP level 3. HP: 31/31 MP: 3/3
  1239 | D:2      | Gained mutation: Your tail ends in a poisonous barb. [potion of beneficial mutation]
  1796 | D:2      | Reached XP level 4. HP: 36/40 MP: 4/4
  1860 | D:3      | Noticed a phantom
  2154 | D:3      | Reached skill level 4 in Axes
  2469 | D:3      | Reached XP level 5. HP: 32/47 MP: 5/5
  2768 | D:4      | Reached skill level 5 in Axes
  3020 | D:4      | Noticed an ogre
  3028 | D:4      | Killed an ogre
  3028 | D:4      | Reached skill level 5 in Fighting
  3028 | D:4      | Reached XP level 6. HP: 56/56 MP: 6/6
  3288 | D:4      | Reached skill level 6 in Axes
  3406 | D:4      | Found a staircase to the Ecumenical Temple.
  3427 | Temple   | Entered the Ecumenical Temple
  3680 | Temple   | Became a worshipper of Makhleb the Destroyer
  3819 | D:4      | Your scales start taking on a pale cyan-grey colour.
  3819 | D:4      | Reached XP level 7. HP: 21/62 MP: 7/7
  4792 | D:5      | Entered Level 5 of the Dungeon
  4818 | D:5      | Found a bloodstained altar of Trog.
  5105 | D:5      | Reached skill level 7 in Axes
  5581 | D:5      | Reached XP level 8. HP: 51/71 MP: 8/8
  5617 | D:5      | Reached skill level 8 in Axes
  5627 | D:5      | Reached * piety under Makhleb
  6314 | D:5      | Reached skill level 9 in Axes
  6966 | D:6      | Found an iron altar of Okawaru.
  7359 | D:6      | Reached ** piety under Makhleb
  7649 | D:6      | Reached XP level 9. HP: 81/81 MP: 9/9
  7670 | D:6      | Reached skill level 10 in Axes
  8180 | D:7      | You fall through a shaft for 2 floors!
  8279 | D:9      | Found Qeduch's Book Emporium.
  8583 | D:9      | Found a staircase to the Orcish Mines.
  8591 | D:9      | Reached *** piety under Makhleb
  8601 | D:9      | Found a roughly hewn altar of Beogh.
  8617 | D:9      | Noticed Gastronok
  8621 | D:9      | Demolished by an orc warrior

Vault maps used:
D:1:      evilmike_arrival_hilbert_curve
D:2:      first_bread
D:5:      lemuel_coloured_pillars_altar, glass_columns_b, grunt_ministairs_2,
          guppyfry_early_orc_mine
D:6:      kb_forest_paths, okawaru_trees_2
D:7:      old_standard_altar, eino_tiny_chamber
D:9:      minmay_orc_entry_temple_small, serial_shops, shop, the_bakery,
          kennysheep_generic_room_5, uniq_gastronok
Temple:   eino_narrow_crystal_temple

Skill      XL: |  1  2  3  4  5  6  7  8  9 |
---------------+----------------------------+-----
Axes           | 3 4 5 6 7 9 10 | 10.9
Fighting       | 4 5 6 7 8 |  8.6
Dodging        | 4 |  4.2
Shields        | |  3.0

Action                   |  1- 3 |  4- 6 |  7- 9 || total
-------------------------+-------+-------+-------++-------
Melee: War axe           |    87 |   118 |   306 ||   511
       Tailslap          |     6 |    15 |    42 ||    63
 Abil: Breathe Steam     |       |       |    14 ||    14
  Use: Scroll            |     5 |       |     9 ||    14
       Potion            |     3 |     1 |     4 ||     8
 Stab: Sleeping          |       |     2 |       ||     2
       Invisible         |       |       |     4 ||     4
  Eat: Chunk             |     3 |     5 |    13 ||    21
       Meat ration       |       |       |     1 ||     1
Armor: Skin              |    27 |    36 |   108 ||   171
Dodge: Dodged            |    52 |    54 |   115 ||   221
Block: Shield            |    40 |    57 |   187 ||   284
